 Dungeon Crawl Stone Soup version 0.30-a0-305-g026cb31310 (webtiles) character file.

Game seed: 5630431077989942590

144 blackman the Sneak (level 5, -2/41 HPs)
             Began as a Human Delver on Oct 22, 2022.
             Was a Follower of Zin.
             Slain by Natasha (5 damage)
             ... on level 2 of the Dungeon.
             The game lasted 00:04:26 (1185 turns).

blackman the Sneak (Human Delver)                   Turns: 1185, Time: 00:04:27

Health: -2/41      AC:  4    Str: 12    XL:     5   Next: 52%
Magic:  5/5        EV: 12    Int: 10    God:    Zin [*.....]
Gold:   81         SH:  0    Dex: 17    Spells: 4/4 levels left

rFire   . . .      SeeInvis .    a - +0 falchion
rCold   . . .      Faith    .    (no shield)
rNeg    . . .      Spirit   .    d - +1 leather armour {rPois}
rPois   +          Reflect  .    (no helmet)
rElec   .          Harm     .    (no cloak)
rCorr   .          Rampage  .    (no gloves)
Will    .....                    (no boots)
Stlth   +++.......               (no amulet)
HPRegen 0.26/turn                (no ring)
MPRegen 0.09/turn                (no ring)

@: no status effects
A: no striking features
a: Renounce Religion, Recite, Donate Gold


You were on level 2 of the Dungeon.
You worshipped Zin.
Zin was aware of your devotion.
You visited 1 branch of the dungeon, and saw 5 of its levels.

You collected 90 gold pieces.
You donated 9 gold pieces to Zin.

Inventory:

Hand Weapons
 a - a +0 falchion (weapon)
Armour
 b - a +0 leather armour
 d - a +1 leather armour of poison resistance (worn)
Wands
 g - a wand of digging (3)
Scrolls
 c - a scroll of fog
 e - a scroll of fear
 h - a scroll of teleportation (quivered)
 i - 2 scrolls of identify {unknown}
Potions
 f - 2 potions of ambrosia {unknown}
 j - a potion of heal wounds {unknown}


   Skills:
 - Level 3.3 Fighting
 + Level 4.6 Long Blades
 - Level 2.4 Dodging
 - Level 5.2 Stealth


You had 4 spell levels left.
You didn't know any spells.
Your spell library contained the following spells:

 Spells                   Type           Power      Damage    Failure   Level
 Apportation              Tloc           0%         N/A       43%         1
 Necrotise                Necr           0%         1d4       43%         1
 Summon Small Mammal      Summ           0%         N/A       43%         1


Dungeon Overview and Level Annotations

Branches:
Dungeon (6/15)             Temple (0/1) D:6

Altars:
Elyvilon
Gozag
Hepliaklqana
Kikubaaqudgha
Makhleb
Nemelex Xobeh
Trog
Zin

Annotations:
D:2 Natasha
D:5 exclusion: water moccasin


Message History

The white imp gestures at you. The puff of frost hits you!
You hit the kobold.
The kobold is severely wounded.
The kobold hits you but does no damage.
You hit the kobold.
You kill the kobold!
Natasha misses you.
You closely miss Natasha.
Natasha mumbles some strange words.
You closely miss Natasha.
Natasha extends her claws.
Natasha misses you.
You closely miss the crimson imp.
Natasha stares at you and mumbles some strange words.
The magic dart hits you. The white imp gestures at you.
The puff of frost hits you! The crimson imp barely misses you.
You are too injured to fight recklessly!
You are too injured to fight recklessly!
You are too injured to fight recklessly!
You are too injured to fight recklessly!
You are too injured to fight recklessly!
You are too injured to fight recklessly!
You are too injured to fight recklessly!
You are too injured to fight recklessly!
You are too injured to fight recklessly!
You are too injured to fight recklessly!
You are too injured to fight recklessly!
Unknown command.
You barely miss Natasha. Natasha claws you. The white imp gestures at you.
The puff of frost hits you!
* * * LOW HITPOINT WARNING * * *
The crimson imp hits you.
* * * LOW HITPOINT WARNING * * *
You hit Natasha.
Natasha is lightly wounded.
Natasha claws you.
You die...

##########
.........#
......5@>#
......5h.#
.........#
..........
.........#.
.........#.#
.........# .
....$....#
##


You could see Natasha, a crimson imp (summoned) and a white imp (summoned).

Vanquished Creatures
  A howler monkey (D:6)
  2 hounds
  An iguana (D:4)
  A dart slug (D:3)
  An endoplasm (D:4)
  2 giant cockroaches (D:3)
  3 hobgoblins
  3 jackals (D:3)
  A kobold (D:2)
  A quokka (D:4)
  A bat (D:3)
17 creatures vanquished.

Notes
Turn   | Place    | Note
-------+----------+-------------------------------------------
     0 | D:5      | blackman the Human Delver began the quest for the Orb.
     0 | D:5      | Reached XP level 1. HP: 18/18 MP: 1/1
    46 | D:5      | Noticed a hound
    59 | D:5      | Killed a hound
    60 | D:5      | Reached XP level 2. HP: 9/24 MP: 2/2
    60 | D:5      | Reached XP level 3. HP: 11/29 MP: 3/3
   211 | D:5      | Noticed a water moccasin
   254 | D:5      | Noticed a black bear
   265 | D:5      | Noticed an ogre
   469 | D:6      | Reached XP level 4. HP: 16/35 MP: 4/4
   469 | D:6      | Found a sparkling altar of Nemelex Xobeh.
   469 | D:6      | Found a burning altar of Makhleb.
   469 | D:6      | Found a hazy altar of Hepliaklqana.
   474 | D:6      | Found a white marble altar of Elyvilon.
   476 | D:6      | Found an opulent altar of Gozag.
   478 | D:6      | Found a glowing silver altar of Zin.
   482 | D:6      | Found an ancient bone altar of Kikubaaqudgha.
   483 | D:6      | Found a bloodstained altar of Trog.
   485 | D:6      | Became a worshipper of Zin the Law-Giver
   625 | D:6      | Noticed a black bear
   818 | D:4      | Reached XP level 5. HP: 34/41 MP: 5/5
   980 | D:3      | Reached * piety under Zin
  1173 | D:2      | Noticed Natasha
  1185 | D:2      | Slain by Natasha

Illustrated notes

Levels and vault maps discovered:
D:2:      layout_loops_corners, serial_shops, shop, nicolae_shop_trees,
          uniq_natasha, uniq_terence, uniq_jessica
D:3:      layout_basic, minivault_26, nicolae_hexahallways
D:4:      layout_layer_cave, uniq_pikel
D:5:      layout_basic, ebering_ghost_gozag
D:6:      layout_basic, nicolae_overflow_hallway_of_the_gods,
          minmay_temple_entry_grid

Skill      XL: |  1  2  3  4  5 |
---------------+----------------+-----
Long Blades    | 3 4 |  4.6
Fighting       | |  3.3
Dodging        | |  2.4
Stealth        | |  5.2

Action                   |  1- 3 |  4- 6 || total
-------------------------+-------+-------++-------
Melee: Falchion          |    23 |    60 ||    83
  Use: Potion            |     1 |       ||     1
       Scroll            |     1 |     1 ||     2
 Stab: Sleeping          |     1 |       ||     1
Armor: Leather armour    |     2 |    19 ||    21
Dodge: Dodged            |    11 |    56 ||    67

Table legend: (Time is in decaauts)
 A = Elapsed time spent in this place.
 B = Non-inter-level travel time spent in this place.
 C = Inter-level travel time spent in this place.
 D = Time resting spent in this place.
 E = Time spent auto-exploring this place.
 F = Levels seen in this place.
 G = Mean time per level.
                   A        B        C        D        E       F      G
               +--------+--------+--------+--------+--------+-----+--------+
         Total |   1177 |   1016 |    161 |      0 |    600 |   5 |  235.4 |
       Dungeon |   1177 |   1016 |    161 |      0 |    600 |   5 |  235.4 |
               +--------+--------+--------+--------+--------+-----+--------+

Top non-repeatable levels by time:
     D:5: 417 daAuts
     D:6: 347 daAuts
     D:3: 215 daAuts
     D:4: 183 daAuts
     D:2: 12 daAuts
